 Dungeon Crawl Stone Soup version 0.16.2-2-g470672f (webtiles) character file.

211 CrazyArbalest the Bolt Thrower (level 5, -11/42 HPs)
             Began as a Centaur Hunter on Aug 24, 2015.
             Mangled by a yaktaur (14 damage)
             ... led by a yaktaur captain
             ... on level 2 of the Dungeon.
             The game lasted 00:15:30 (5328 turns).

CrazyArbalest the Bolt Thrower (Centaur Hunter)     Turns: 5328, Time: 00:15:30

Health: -11/42     AC:  6    Str: 16    XL:     5   Next: 57%
Magic:  4/4        EV:  9    Int: 12    God:
Gold:   41         SH:  0    Dex: 11    Spells: 0 memorised, 4 levels left

rFire  . . .     SeeInvis .     b - +1 hand crossbow
rCold  . . .     Clarity  .     e - +0 ring mail
rNeg   . . .     SustAb   .     (no shield)
rPois  .         Gourm    .     (no helmet)
rElec  .         Spirit   .     (no cloak)
rCorr  .         Warding  .     v - +0 pair of gloves
rMut   .         Stasis   .     (no barding)
MR     .....                    (no amulet)
Stlth  ..........               (no ring)
                                (no ring)

@: lethally poisoned (-11 -> -20), very slightly contaminated, hasted, very
quick, not resistant to hostile enchantments, extremely unstealthy
A: hooves 3, agile 1, breathe flames 1, clever 1, deformed body, speed 2, tough
skin 3
a: Breathe Fire


You were on level 2 of the Dungeon.
You were not hungry.

You visited 1 branch of the dungeon, and saw 2 of its levels.

You collected 41 gold pieces.

Inventory:

Hand weapons
 a - a +0 club
 b - a +1 hand crossbow (weapon)
Missiles
 c - 10 bolts (quivered)
Armour
 d - a +0 leather armour
 e - a +0 ring mail (worn)
 v - a +0 pair of gloves (worn)
Scrolls
 i - 2 scrolls of magic mapping {unknown}
 j - a scroll of enchant weapon {unknown}
 k - 3 scrolls of remove curse {unknown}
 m - a scroll of recharging {unknown}
 r - a scroll of teleportation {unknown}
 s - a scroll of random uselessness {unknown}
 t - a scroll of immolation {unknown}
 w - a scroll of identify {unknown}
Potions
 l - a potion of poison
 n - a potion of agility {unknown}
 o - a potion of mutation
 q - a potion of brilliance {unknown}
Comestibles
 f - a bread ration
 g - 2 slices of pizza
 u - 3 chunks of flesh


   Skills:
 + Level 2.5 Fighting
 + Level 0.6 Maces & Flails
 * Level 5.7 Crossbows
 + Level 1.7 Armour
 + Level 2.3 Dodging
 + Level 0.7 Stealth


You had 4 spell levels left.
You didn't know any spells.

Dungeon Overview and Level Annotations

Branches:
Dungeon (2/15)

Altars:


Innate Abilities, Weirdness & Mutations

You have hooves in place of feet.
Armour fits poorly on your strangely shaped body.
You cover ground very quickly.
You have extremely tough skin (AC +3).
You are agile. (Dex +2)
You can breathe flames.
Your mind is acute. (Int +2)


Message History

Aim: a yaktaur (moderately wounded)
You shoot a bolt. The bolt completely misses the yaktaur.
The yaktaur hits you!
* * * LOW HITPOINT WARNING * * *
Drink which item? (? for menu, Esc to quit)
It was a potion of poison.
That liquid tasted very nasty...
You are lethally poisoned!
* * * LOW HITPOINT WARNING * * *
You feel sick.
The yaktaur hits you but does no damage.
Drink which item? (? for menu, Esc to quit)
It was a potion of mutation.
You feel extremely strange.
You feel clever.
Your throat feels hot.
* * * LOW HITPOINT WARNING * * *
You feel sick.
Drink which item? (? for menu, Esc to quit)
It was a potion of beneficial mutation.
You feel agile.
You feel fantastic! The yaktaur hits you!
You die...

###.# ....# ###.# ###########
#.# #.......... #.# #.#########
#.# #.# #.... #.#
############.#####.###
##.########..lc.......<.........
#.......##..###@.########.#####.
##..........## ♣..♣ ♣.♣♣ ##
.......c..### ♣..♣ ♣♣.♣♣ #
.........## ♣.)♣ ♣♣.♣ #
..#......# ♣..♣ ♣.♣ # ....#....#
♣♣÷♣♣ ♣.♣ ..#......# ♣.♣♣ ♣.♣
.##......# ♣♣.♣ ♣.♣ .........#
♣.♣♣ ♣.♣♣


You could see a yaktaur and a giant gecko.

Vanquished Creatures
  12 adders (D:2)
  A gnoll (D:1)
  4 worms (D:2)
  2 giant geckos (D:2)
  2 giant cockroaches
  6 goblins
  8 hobgoblins
  3 jackals (D:2)
  5 kobolds
  5 ball pythons
  5 bats
  8 giant newts
  3 quokkas (D:2)
  10 rats
74 creatures vanquished.

Notes
Turn   | Place    | Note
--------------------------------------------------------------
     0 | D:1      | CrazyArbalest, the Centaur Hunter, began the quest for the Orb.
     0 | D:1      | Reached XP level 1. HP: 17/17 MP: 1/1
   370 | D:1      | Reached XP level 2. HP: 22/24 MP: 2/2
   673 | D:1      | Reached skill level 5 in Crossbows
   857 | D:1      | Reached XP level 3. HP: 29/29 MP: 3/3
  2121 | D:2      | Reached XP level 4. HP: 18/36 MP: 3/3
  2400 | D:2      | Reached skill level 1 in Armour
  3774 | D:2      | Reached XP level 5. HP: 21/41 MP: 4/4
  5304 | D:2      | Noticed a yaktaur
  5327 | D:2      | Gained mutation: Your mind is acute. (Int +2) [potion of mutation]
  5327 | D:2      | Gained mutation: You can breathe flames. [potion of mutation]
  5328 | D:2      | Gained mutation: You are agile. (Dex +2) [potion of beneficial mutation]
  5328 | D:2      | Mangled by a yaktaur

Action                   |  1- 3 |  4- 6 || total
-------------------------+-------+-------++-------
Melee: Club              |   167 |   208 ||   375
       Short sword       |     7 |       ||     7
 Fire: Hand crossbow     |     6 |    41 ||    47
  Use: Potion            |       |     4 ||     4
  Eat: Chunk             |     3 |    10 ||    13
